 Dungeon Crawl Stone Soup version 0.22-a0-398-g8bb545f (webtiles) character file.

91 DrEnzyme the Skirmisher (level 4, 0/35 HPs)
             Began as a Human Wanderer on May 4, 2018.
             Slain by a goblin
             ... wielding a +0 morningstar
             ... led by Robin
              (5 damage)
             ... on level 3 of the Dungeon.
             The game lasted 00:11:36 (3565 turns).

DrEnzyme the Skirmisher (Human Wanderer)            Turns: 3565, Time: 00:11:36

Health: 0/35       AC:  2    Str: 12    XL:     4   Next: 88%
Magic:  3/8        EV: 11    Int: 12    God:
Gold:   256        SH:  0    Dex: 14    Spells: 8/9 levels left

rFire    . . .     SeeInvis .   g - +4 hand axe
rCold    . . .     Gourm    .   (no shield)
rNeg     . . .     Faith    .   d - +0 robe
rPois    .         Spirit   .   (no helmet)
rElec    .         Reflect  .   (no cloak)
rCorr    .         Harm     .   (no gloves)
MR       .....                  (no boots)
Stlth    ++........             (no amulet)
HPRegen  0.11/turn              (no ring)
MPRegen  0.11/turn              (no ring)

@: no status effects
A: no striking features
a: no special abilities


You were on level 3 of the Dungeon.
You were not hungry.

You visited 1 branch of the dungeon, and saw 3 of its levels.

You collected 256 gold pieces.

Inventory:

Hand Weapons
 b - a +0 quarterstaff
 e - a +0 dagger
 g - a +4 hand axe (weapon)
 p - a +2 vampiric hand axe
Missiles
 h - 14 poisoned needles
 n - 34 stones (quivered)
Armour
 d - a +0 robe (worn)
 s - a +0 pair of gloves
Jewellery
 i - an uncursed ring of teleportation
Scrolls
 c - 2 scrolls of teleportation
 k - 5 scrolls of identify {unknown}
 m - a scroll of remove curse
 q - 3 scrolls of amnesia {unknown}
Potions
 a - a potion of brilliance {unknown}
 j - a potion of ambrosia {unknown}
 l - 2 potions of curing {unknown}
 o - a potion of might {unknown}
 r - a potion of agility {unknown}
Comestibles
 f - 2 rations


   Skills:
 + Level 3.2 Fighting
 + Level 0.4 Staves
 + Level 0.3 Dodging
 + Level 3.2 Stealth
 + Level 3.1 Spellcasting
 + Level 2.6 Ice Magic
   Level 1.0 Evocations


You had 8 spell levels left.
You knew the following spells:

 Your Spells              Type           Power        Failure   Level  Hunger
a - Freeze                Ice            #...         9%          1    #......


Dungeon Overview and Level Annotations

Branches:
Dungeon (3/15)

Altars:

Annotations:
D:1 exclusion: downstairs
D:3 exclusion: hobgoblin, Ijyb, Natasha


Message History

You freeze Robin.
Robin is almost dead.
Robin hits you with a mace. The goblin barely misses you.
Casting: Freeze (safe; 9% risk of failure)
Confirm with . or Enter, or press ? or * to list all spells.
Aiming: Freeze (safe; 9% risk of failure)
Press: ? - help, Shift-Dir - straight line, f/p - Robin
Aim: Robin, wielding a mace, wearing an animal skin and wearing a helmet (almost dead)
You freeze Robin.
You kill Robin!
Your Spellcasting skill increases to level 3!
The goblin hits you with a morningstar!
* * * LOW HITPOINT WARNING * * *
Items here: ! ) [[ † a mace; an animal skin; a helmet; 2 amethyst potions the hobgoblin corpse of Robin The goblin hits you with a morningstar.
* * * LOW HITPOINT WARNING * * *
You barely miss the goblin. The goblin hits you with a morningstar.
You die...

### ###.######## ..........#
###########+#........#
.##....##............#
.##....##.....[......# ##
..#....##............# ######.
..#....#####'#.......# #......
..#....# #.#..@....# #.###..
#.#....# #.#..g....######'#<'..
#.#....# #.#.......#.......##..
..#....# #.#.).....#........'..
.......# #.#.......#.......##..
###....#####.#.......#.......####
.....................'.......'...
#.#.##.#####.###.##.##.......###.
..#.##.#.....# #.##.##.......# #.


You could see a goblin.

Vanquished Creatures
  Robin (D:3)
  2 adders (D:2)
  An ooze (D:3)
  2 dart slugs
  A leopard gecko (D:1)
  A giant cockroach (D:1)
  11 goblins
  9 hobgoblins
  7 kobolds
  A quokka (D:2)
  5 bats
  7 frilled lizards
  A rat (D:2)
49 creatures vanquished.

Notes
Turn   | Place    | Note
-------+----------+-------------------------------------------
     0 | D:1      | DrEnzyme the Human Wanderer began the quest for the Orb.
     0 | D:1      | DrEnzyme set off with: a +0 quarterstaff, a scroll of teleportation, a +0 robe, a +0 dagger, a ration
     0 | D:1      | Reached XP level 1. HP: 18/18 MP: 3/3
     2 | D:1      | Learned a level 1 spell: Freeze
   433 | D:1      | Reached XP level 2. HP: 24/24 MP: 0/5
  1348 | D:2      | Reached XP level 3. HP: 29/29 MP: 1/6
  2394 | D:2      | Reached XP level 4. HP: 35/35 MP: 6/8
  3113 | D:3      | Noticed Natasha
  3521 | D:3      | Noticed Ijyb
  3547 | D:3      | Noticed Robin
  3558 | D:3      | Killed Robin
  3565 | D:3      | Slain by a goblin

Vault maps used:
D:1:      nzn_arrival_water_spiral
D:2:      first_ration
D:3:      uniq_natasha, uniq_robin, uniq_ijyb

Skill      XL: |  1  2  3  4 |
---------------+-------------+-----
Ice Magic      | 2 |  2.6
Spellcasting   | 3 |  3.1
Fighting       | |  3.2
Staves         | |  0.4
Dodging        | |  0.3
Stealth        | |  3.2
Evocations     | |  1.0

Action                   |  1- 3 |  4- 6 || total
-------------------------+-------+-------++-------
Melee: Quarterstaff      |     6 |       ||     6
       Hand axe          |       |     5 ||     5
Throw: Stone             |       |     4 ||     4
 Cast: Freeze            |    62 |    37 ||    99
  Use: Scroll            |     1 |     1 ||     2
 Stab: Sleeping          |     1 |       ||     1
  Eat: Chunk             |     6 |     4 ||    10
Armor: Robe              |    13 |     6 ||    19
Dodge: Dodged            |    42 |    13 ||    55

Table legend:
 A = Spawn XP
 B = Non-spawn XP
 C = Spawn XP percentage of total XP
 D = Spawn monster count
 E = Non-spawn monster count
 F = Spawn count percentage of total count
 G = Total turns spent on level
                    A         B        C        D         E        F      G
               +---------+---------+-------+---------+---------+-------+---------
         Total |       0 |     131 |   0.0 |       0 |      49 |   0.0 |  3565
               +---------+---------+-------+---------+---------+-------+---------
           D:1 |       0 |      28 |   0.0 |       0 |      16 |   0.0 |  1452
           D:2 |       0 |      54 |   0.0 |       0 |      17 |   0.0 |  1244
           D:3 |       0 |      49 |   0.0 |       0 |      16 |   0.0 |   869
               +---------+---------+-------+---------+---------+-------+---------
